3AA
ATLANTIC CITY SONICS @ SAN BERNARDINO GRASSHOPPERS
09/03/2028
 
TOP OF THE 1ST
Atlantic City Sonics batting - Pitching for San Bernardino Grasshoppers : RHP Chae-seong Kim
Pitching: RHP Chae-seong Kim
Batting: LHB Juan Ledezma 0-0: SINGLE (Flyball, 8RS)
Batting: LHB Todd Blankenburg 0-0: Ball
1-0: Swinging Strike
1-1: Foul Ball, location: 2F
1-2: Strikes out swinging
Batting: RHB Phil Moore 0-0: Ball
Juan Ledezma is caught stealing 2nd base
1-0: Foul Ball, location: 2F
1-1: Fly out, F8 (Line Drive, 8RD)
Top of the 1st over - 0 run(s), 1 hit(s), 0 error(s), 0 left on base; Atlantic City 0 - San Bernardino 0
BOTTOM OF THE 1ST
San Bernardino Grasshoppers batting - Pitching for Atlantic City Sonics : RHP Norberto Concepción
Pitching: RHP Norberto Concepción
Batting: RHB Oscar Gandarilla 0-0: Fly out, F2 (Popup, 2L)
Batting: RHB Cisco Feijoo 0-0: Ball
1-0: Ball
2-0: Ball
3-0: Base on Balls
Batting: LHB William O'Keefe 0-0: Called Strike
0-1: Called Strike
0-2: Ball
1-2: Fly out, F2 (Popup, 23)
Batting: RHB Chris Costa 0-0: Called Strike
0-1: Ball
1-1: Ball
2-1: Foul Ball, location: 2F
2-2: Foul Ball, location: 2F
2-2: Foul Ball, location: 2F
2-2: Foul Ball, location: 2F
2-2: Foul Ball, location: 2F
2-2: Hit by Pitch
Cisco Feijoo to second
Batting: LHB Eric Porter 0-0: Ball
1-0: Called Strike
1-1: Foul Ball, location: 2F
1-2: Ball
2-2: Foul Ball, location: 2F
2-2: Ball
3-2: Ground out 1-3 (Groundball, 15S)
Bottom of the 1st over - 0 run(s), 0 hit(s), 0 error(s), 2 left on base; Atlantic City 0 - San Bernardino 0
TOP OF THE 2ND
Atlantic City Sonics batting - Pitching for San Bernardino Grasshoppers : RHP Chae-seong Kim
Batting: LHB Chase Popoff 0-0: Foul Ball, location: 2F
0-1: SINGLE (Groundball, 34D)
Batting: LHB Russ Hanneman 0-0: Ball
1-0: Ball
2-0: Ball
3-0: Base on Balls
Chase Popoff to second
Batting: LHB José Cordero Balk!
Chase Popoff to third
Russ Hanneman to second
0-0: Called Strike
0-1: Called Strike
0-2: Ball
1-2: Strikes out swinging
Batting: LHB Ward Wilberfoss 0-0: Called Strike
0-1: Swinging Strike
0-2: Ball
1-2: Strikes out looking
Batting: RHB David Wooderson 0-0: SINGLE (Line Drive, 8LS)
Chase Popoff scores
Russ Hanneman to third
Batting: RHB José Rodríguez 0-0: Ball
1-0: Foul Ball, location: 2F
1-1: Foul Ball, location: 2F
1-2: Fielders Choice at 2nd, 6-4 (Groundball, 6)
Top of the 2nd over - 1 run(s), 2 hit(s), 0 error(s), 1 left on base; Atlantic City 1 - San Bernardino 0
BOTTOM OF THE 2ND
San Bernardino Grasshoppers batting - Pitching for Atlantic City Sonics : RHP Norberto Concepción
Batting: RHB Griffin Woodfinlevine 0-0: Fly out, F6 (Line Drive, 6)
Batting: LHB Natale Langushi 0-0: Ball
1-0: Ball
2-0: Ball
3-0: Base on Balls
Batting: RHB Felix Plugge 0-0: Called Strike
0-1: Ball
1-1: Ball
2-1: SINGLE (Groundball, 5D)
Natale Langushi to second
Batting: LHB Michael Nelson 0-0: Ball
1-0: Swinging Strike
1-1: Foul Ball, location: 2F
1-2: Ball
2-2: Ball
3-2: Foul Ball, location: 2F
3-2: Fly out, F8 (Line Drive, 8LM)
Batting: RHB Oscar Gandarilla 0-0: Ball
1-0: Ball
2-0: Ball
3-0: Called Strike
3-1: Fly out, F9 (Flyball, 9)
Bottom of the 2nd over - 0 run(s), 1 hit(s), 0 error(s), 2 left on base; Atlantic City 1 - San Bernardino 0
TOP OF THE 3RD
Atlantic City Sonics batting - Pitching for San Bernardino Grasshoppers : RHP Chae-seong Kim
Batting: LHB Juan Ledezma 0-0: Ball
1-0: Fly out, F7 (Flyball, 78S)
Batting: LHB Todd Blankenburg 0-0: Foul Ball, location: 2F
0-1: Foul Ball, location: 2F
0-2: Foul Ball, location: 2F
0-2: Ball
1-2: Ball
2-2: Foul Ball, location: 2F
2-2: Foul Ball, location: 2F
2-2: Ball
3-2: SINGLE (Groundball, 4MD)
Batting: RHB Phil Moore 0-0: Ball
1-0: Grounds into double play, 4-6-3 (Groundball, 34)
Top of the 3rd over - 0 run(s), 1 hit(s), 0 error(s), 0 left on base; Atlantic City 1 - San Bernardino 0
BOTTOM OF THE 3RD
San Bernardino Grasshoppers batting - Pitching for Atlantic City Sonics : RHP Norberto Concepción
Batting: RHB Cisco Feijoo 0-0: Foul Ball, location: 2F
0-1: Foul Ball, location: 2F
0-2: Ground out 5-3 (Groundball, 56S)
Batting: LHB William O'Keefe 0-0: Called Strike
0-1: Ball
1-1: Foul Ball, location: 2F
1-2: Strikes out looking
Batting: RHB Chris Costa 0-0: Ball
1-0: Ball
2-0: Swinging Strike
2-1: Foul Ball, location: 2F
2-2: Ground out 5-3 (Groundball, 5L)
Bottom of the 3rd over - 0 run(s), 0 hit(s), 0 error(s), 0 left on base; Atlantic City 1 - San Bernardino 0
TOP OF THE 4TH
Atlantic City Sonics batting - Pitching for San Bernardino Grasshoppers : RHP Chae-seong Kim
Batting: LHB Chase Popoff 0-0: Called Strike
0-1: Ball
1-1: Foul Ball, location: 2F
1-2: Strikes out looking
Batting: LHB Russ Hanneman 0-0: Ball
1-0: Called Strike
1-1: Ground out U3 (Groundball, 3)
Batting: LHB José Cordero 0-0: Called Strike
0-1: Fly out, F8 (Flyball, 8LM)
Top of the 4th over - 0 run(s), 0 hit(s), 0 error(s), 0 left on base; Atlantic City 1 - San Bernardino 0
BOTTOM OF THE 4TH
San Bernardino Grasshoppers batting - Pitching for Atlantic City Sonics : RHP Norberto Concepción
Batting: LHB Eric Porter 0-0: Foul Ball, location: 2F
0-1: Swinging Strike
0-2: Ball
1-2: Strikes out swinging
Batting: RHB Griffin Woodfinlevine 0-0: Called Strike
0-1: Called Strike
0-2: Strikes out swinging
Batting: LHB Natale Langushi 0-0: Ball
1-0: Ball
2-0: Foul Ball, location: 2F
2-1: DOUBLE (Line Drive, 7LM)
Batting: RHB Felix Plugge 0-0: Called Strike
0-1: Fly out, F6 (Line Drive, 6M)
Bottom of the 4th over - 0 run(s), 1 hit(s), 0 error(s), 1 left on base; Atlantic City 1 - San Bernardino 0
TOP OF THE 5TH
Atlantic City Sonics batting - Pitching for San Bernardino Grasshoppers : RHP Chae-seong Kim
Batting: LHB Ward Wilberfoss 0-0: Called Strike
0-1: Ball
1-1: Swinging Strike
1-2: Foul Ball, location: 2F
1-2: Strikes out swinging
Batting: RHB David Wooderson 0-0: Ball
1-0: Ball
2-0: SINGLE (Line Drive, 6M)
Batting: RHB José Rodríguez 0-0: Called Strike
David Wooderson steals 2nd base
0-1: Fly out, F8 (Line Drive, 8RM)
Batting: LHB Juan Ledezma 0-0: Ball
1-0: Ball
2-0: Ground out 3-1 (Groundball, 23)
Top of the 5th over - 0 run(s), 1 hit(s), 0 error(s), 1 left on base; Atlantic City 1 - San Bernardino 0
BOTTOM OF THE 5TH
San Bernardino Grasshoppers batting - Pitching for Atlantic City Sonics : RHP Norberto Concepción
Batting: LHB Michael Nelson 0-0: Ball
1-0: Called Strike
1-1: Foul Ball, location: 2F
1-2: SINGLE (Line Drive, 5D)
Batting: RHB Oscar Gandarilla 0-0: Sac Bunt - play at second, runner OUT! 3-6
Batting: RHB Cisco Feijoo 0-0: Ball
Pickoff Throw to First - Out!
1-0: Called Strike
1-1: Fly out, F7 (Flyball, 7S)
Bottom of the 5th over - 0 run(s), 1 hit(s), 0 error(s), 0 left on base; Atlantic City 1 - San Bernardino 0
TOP OF THE 6TH
Atlantic City Sonics batting - Pitching for San Bernardino Grasshoppers : RHP Chae-seong Kim
Batting: LHB Todd Blankenburg 0-0: Ball
1-0: Called Strike
1-1: Foul Ball, location: 2F
1-2: Ball
2-2: Strikes out swinging
Batting: RHB Phil Moore 0-0: Ball
1-0: Foul Ball, location: 2F
1-1: Ball
2-1: Foul Ball, location: 2F
2-2: Strikes out looking
Batting: LHB Chase Popoff 0-0: Called Strike
0-1: Swinging Strike
0-2: Reached on error, E4 (Groundball, 4)
Batting: LHB Russ Hanneman 0-0: Ball
1-0: Foul Ball, location: 2F
1-1: Ball
2-1: Called Strike
2-2: SINGLE (Groundball, 4D)
Chase Popoff to third
Runner from 3rd tries for Home, SAFE, no throw
Batting: LHB José Cordero 0-0: Ball
1-0: Ball
2-0: Ball
3-0: Called Strike
3-1: Foul Ball, location: 2F
3-2: Base on Balls
Russ Hanneman to second
Batting: LHB Ward Wilberfoss 0-0: Swinging Strike
0-1: Hit by Pitch
Russ Hanneman to third
José Cordero to second
Batting: RHB David Wooderson 0-0: Called Strike
0-1: Ball
1-1: Fielders Choice at 2nd, 5-4 (Groundball, 56)
Top of the 6th over - 1 run(s), 1 hit(s), 1 error(s), 2 left on base; Atlantic City 2 - San Bernardino 0
BOTTOM OF THE 6TH
San Bernardino Grasshoppers batting - Pitching for Atlantic City Sonics : RHP Norberto Concepción
Batting: LHB William O'Keefe 0-0: Ball
1-0: Called Strike
1-1: Ball
2-1: Ball
3-1: Swinging Strike
3-2: Base on Balls
Batting: RHB Chris Costa 0-0: Ball
1-0: Foul Ball, location: 2F
1-1: Ball
2-1: DOUBLE (Line Drive, 7D)
William O'Keefe to third
Batting: LHB Eric Porter 0-0: Foul Ball, location: 2F
0-1: Called Strike
0-2: Ball
1-2: Ball
2-2: Reached via error on a dropped throw, E1
William O'Keefe scores
Chris Costa to third
Batting: RHB Griffin Woodfinlevine 0-0: Called Strike
0-1: Called Strike
0-2: Foul Ball, location: 2F
0-2: Strikes out swinging
Batting: LHB Natale Langushi 0-0: Called Strike
0-1: Ball
1-1: Ball
2-1: Ball
3-1: Base on Balls
Eric Porter to second
Batting: RHB Felix Plugge 0-0: Ball
1-0: SINGLE (Groundball, 6MD)
Chris Costa scores
Eric Porter to third
Natale Langushi to second
Pitching: LHP Nees Bogermans
Batting: LHB Michael Nelson 0-0: Hit by Pitch
Eric Porter scores
Natale Langushi to third
Felix Plugge to second
Batting: RHB Oscar Gandarilla 0-0: Fly out, F8 (Flyball, 8RS)
Runner from 3rd tags up, SCORES, no throw
Batting: RHB Cisco Feijoo 0-0: Called Strike
0-1: Fly out, F9 (Flyball, 9)
Bottom of the 6th over - 4 run(s), 2 hit(s), 1 error(s), 2 left on base; Atlantic City 2 - San Bernardino 4
TOP OF THE 7TH
Atlantic City Sonics batting - Pitching for San Bernardino Grasshoppers : RHP Chae-seong Kim
Batting: RHB José Rodríguez 0-0: Ball
1-0: Ball
2-0: Foul Ball, location: 2F
2-1: SINGLE (Groundball, 34D)
Batting: LHB Juan Ledezma 0-0: Ball
1-0: Foul Ball, location: 2F
1-1: Ball
2-1: Foul Ball, location: 2F
2-2: SINGLE (Flyball, 4MD)
José Rodríguez to second
Batting: LHB Todd Blankenburg 0-0: Ball
1-0: Swinging Strike
1-1: Ball
Wild Pitch!
José Rodríguez to third
Juan Ledezma to second
2-1: Foul Ball, location: 2F
2-2: Ground out U3 (Groundball, 3)
Pitching: LHP Peter Hall
Batting: RHB Phil Moore 0-0: Ball
1-0: Fly out, F9 (Flyball, 89D)
Runner from 3rd tags up, SCORES, no throw
Juan Ledezma to third
Batting: LHB Chase Popoff 0-0: Foul Ball, location: 2F
0-1: Ball
1-1: DOUBLE (Flyball, 8RXD)
Juan Ledezma scores
Pinch Hitting: RHB Eddie McDoom 0-0: Ball
1-0: Called Strike
1-1: Swinging Strike
1-2: Strikes out swinging
Top of the 7th over - 2 run(s), 3 hit(s), 0 error(s), 1 left on base; Atlantic City 4 - San Bernardino 4
BOTTOM OF THE 7TH
San Bernardino Grasshoppers batting - Pitching for Atlantic City Sonics : LHP Nees Bogermans
Now at 1B: Nelson Torez
Batting: LHB William O'Keefe 0-0: Ball
1-0: Ball
2-0: Ball
3-0: Base on Balls
Batting: RHB Chris Costa 0-0: Foul Ball, location: 2F
0-1: Ball
1-1: Foul Ball, location: 2F
1-2: Fly out, F8 (Flyball, 8LXD)
Batting: LHB Eric Porter 0-0: Grounds into double play, 4-6-3 (Groundball, 4)
Bottom of the 7th over - 0 run(s), 0 hit(s), 0 error(s), 0 left on base; Atlantic City 4 - San Bernardino 4
TOP OF THE 8TH
Atlantic City Sonics batting - Pitching for San Bernardino Grasshoppers : LHP Peter Hall
Pinch Hitting: RHB Brady Bess 0-0: Ball
1-0: Swinging Strike
1-1: Ball
2-1: Ball
3-1: Base on Balls
Pinch Runner at 1st Damon Grinter:
Batting: LHB Ward Wilberfoss
Pinch Hitting: RHB Michael Walker 0-0: Bunted foul
0-1: Bunt missed!
0-2: Ball
1-2: SINGLE (Groundball, 4MD)
Damon Grinter to second
Batting: RHB David Wooderson 0-0: Ball
1-0: Sac Bunt - play at first, batter OUT! 1-4
Damon Grinter to third
Michael Walker to second
Batting: RHB José Rodríguez 0-0: Intentional Walk
Pinch Hitting: RHB Xavier Águila 0-0: Ball
1-0: Swinging Strike
1-1: Ball
2-1: Ball
3-1: Grounds into fielders choice 5-2 (Groundball, 56)
Michael Walker to third
José Rodríguez to second
Batting: LHB Todd Blankenburg 0-0: Foul Ball, location: 2F
0-1: Ball
1-1: Ball
2-1: Ball
3-1: Fly out, F7 (Flyball, 78M)
Top of the 8th over - 0 run(s), 1 hit(s), 0 error(s), 3 left on base; Atlantic City 4 - San Bernardino 4
BOTTOM OF THE 8TH
San Bernardino Grasshoppers batting - Pitching for Atlantic City Sonics : LHP Nees Bogermans
Now at 2B: Michael Walker
Now in LF: Norberto Rivera
Now in CF: Damon Grinter
Batting: RHB Griffin Woodfinlevine 0-0: Foul Ball, location: 2F
0-1: Ball
1-1: Ball
2-1: Ball
3-1: SINGLE (Line Drive, 6M)
Pinch Runner at 1st Jorge Estrada:
Batting: LHB Natale Langushi 0-0: Swinging Strike
0-1: Foul Ball, location: 2F
0-2: Ball
1-2: Foul Ball, location: 2F
1-2: Ball
2-2: Reached on error, E6 (Groundball, 6)
Jorge Estrada to second
Batting: RHB Felix Plugge 0-0: Called Strike
0-1: Grounds into double play, 5-4-3 (Groundball, 56)
Jorge Estrada to third
Pinch Hitting: LHB Mario Nieves 0-0: 2-RUN HOME RUN (Flyball, 9D), Distance : 386 ft
Batting: RHB Oscar Gandarilla 0-0: Foul Ball, location: 2F
0-1: SINGLE (Groundball, 34D)
Batting: RHB Cisco Feijoo 0-0: Ball
1-0: Called Strike
Oscar Gandarilla steals 2nd base
1-1: Fly out, F7 (Flyball, 7LM)
Bottom of the 8th over - 2 run(s), 3 hit(s), 1 error(s), 1 left on base; Atlantic City 4 - San Bernardino 6
TOP OF THE 9TH
Atlantic City Sonics batting - Pitching for San Bernardino Grasshoppers : LHP Peter Hall
Pitching: LHP Héctor Valentín
Now at 2B: Jorge Estrada
Now in CF: Noel King
Batting: RHB Phil Moore 0-0: Fly out, F2 (Popup, 23)
Batting: LHB Chase Popoff 0-0: Called Strike
0-1: Foul Ball, location: 2F
0-2: Ball
1-2: Ball
2-2: Ball
3-2: Fly out, F7 (Line Drive, 7D)
Batting: RHB Nelson Torez 0-0: Ball
1-0: Called Strike
1-1: Swinging Strike
1-2: Foul Ball, location: 2F
1-2: Foul Ball, location: 2F
1-2: Foul Ball, location: 2F
1-2: Strikes out swinging
Top of the 9th over - 0 run(s), 0 hit(s), 0 error(s), 0 left on base; Atlantic City 4 - San Bernardino 6
Thursday, August 31st, 2017 - OOTP Baseball 17.12 Build 75